 Dungeon Crawl Stone Soup version 0.30.1-9-gdf580d7c3d (webtiles) character file.

Game seed: 6308660909726380304

521 leafyfresh the Covert (level 7, -4/46 HPs)
             Began as an Octopode Delver on Oct 12, 2023.
             Killed from afar by an orc wizard (8 damage)
             ... with a puff of flame
             ... on level 6 of the Dungeon.
             The game lasted 00:01:17 (807 turns).

leafyfresh the Covert (Octopode Delver)              Turns: 807, Time: 00:01:18

Health: -4/46      AC:  1    Str: 11    XL:     7   Next: 21%
Magic:  7/7        EV: 13    Int: 15    God:
Gold:   108        SH:  0    Dex: 13    Spells: 6/6 levels left

rFire   . . .        a - +0 short sword
rCold   . . .        (no shield)
rNeg    . . .        (helmet restricted)
rPois   .            (no amulet)
rElec   .            (no ring)
rCorr   .            (no ring)
SInv    .            (no ring)
Will    .....        (no ring)
Stlth   +++          (no ring)
HPRegen 0.27/turn    (no ring)
MPRegen 0.10/turn    (no ring)
                     (no ring)

%: no passive effects
@: confused
A: almost no armour, amphibious, 8 rings, camouflage 1, gelatinous body 1,
(nimble swimmer 1), tentacles
a: no special abilities


You were on level 6 of the Dungeon.
You visited 1 branch of the dungeon, and saw 2 of its levels.

You collected 108 gold pieces.

Inventory:

Hand Weapons
 a - a +0 short sword (weapon)
Magical Staves
 j - a staff of conjuration
Wands
 f - a wand of digging (3)
 i - a wand of flame (16)
Scrolls
 b - 2 scrolls of fog
 c - a scroll of magic mapping
 d - a scroll of fear
 g - a scroll of enchant weapon {unknown}
Potions
 e - a potion of haste
 h - a potion of brilliance {unknown}
 k - a potion of mutation {unknown}


   Skills:
 - Level 3.3 Fighting
 - Level 2.4 Short Blades
 - Level 2.4 Dodging
 + Level 11.8 Stealth


You had 6 spell levels left.
You didn't know any spells.
Your spell library was empty.

Dungeon Overview and Level Annotations

Branches:
Dungeon (6/15)
 Temple: D:4-7

Altars:
Sif Muna

Annotations:
D:5 Pikel


Innate Abilities, Weirdness & Mutations

You cannot wear most types of armour.
You are amphibious.
You can wear up to eight rings at the same time.
Your skin changes colour to match your surroundings (Stealth+).
Your rubbery body absorbs attacks. (AC +1, EV +1)
((You are camouflaged when in or above water. (Stealth+)))
You have tentacles for arms and can constrict up to eight enemies at once.


Message History

The orc priest invokes the aid of Beogh against you.
Beogh smites you!
The orc wizard shouts!
Things that are here:
a +0 hand axe; a +0 ring mail; an orc corpse You hit the orc wizard but do no damage.
Your grab misses the orc wizard.
The orc wizard gestures at you while chanting.
You are confused.
You are too confused!
You are too confused!
Unknown command.
You hit the orc wizard but do no damage.
The orc wizard hits you with a +0 dagger.
You bump into the rock wall.
The orc wizard barely misses you.
You closely miss the orc wizard. Your squeeze misses the orc wizard.
You bump into the rock wall.
The orc wizard hits you with a +0 dagger.
The orc wizard attacks as you move away!
The orc wizard misses you.
Unknown command.
You're too confused to move!
The orc wizard closely misses you.
You miss the orc wizard.
You feel less confused.
The orc priest invokes the aid of Beogh against you.
Beogh smites you!
The orc wizard gestures at you while chanting.
You are confused.
You bump into the rock wall.
The orc wizard hits you with a +0 dagger.
You bump into the rock wall.
The orc wizard hits you with a +0 dagger.
You hit the orc wizard. You squeeze the orc wizard!
The orc wizard is severely wounded.
The orc priest calls down the wrath of Beogh upon you.
Beogh smites you!
* * * LOW HITPOINT WARNING * * *
The orc wizard casts a spell at you. The puff of flame hits you!
You die...

#.#.....†....#
#.#..........#
#.#..........#
###.#.....>....#
#...#..........#
#.###..........#
#.#
#..........###
#)#
#.............
#@#
##########....
#o# #.... #o#
#.... #.# #....
.o. #.... .....
##########
#....!#
#.........
#.....#
#.########
#.....# #.#


You could see an orc priest and 2 orc wizards.

Vanquished Creatures
  A water moccasin (D:6)
  A black bear (D:6)
  2 centaurs
  A scorpion (D:5)
  A jelly (D:5)
  A hound (D:6)
  2 iguanas (D:6)
  2 orcs (D:6)
11 creatures vanquished.

Notes
Turn   | Place    | Note
-------+----------+-------------------------------------------
     0 | D:5      | leafyfresh the Octopode Delver began the quest for the Orb.
     0 | D:5      | Reached XP level 1. HP: 16/16 MP: 1/1
    29 | D:5      | Noticed a jelly
    37 | D:5      | Killed a jelly
    38 | D:5      | Reached XP level 2. HP: 4/21 MP: 2/2
    38 | D:5      | Reached XP level 3. HP: 5/26 MP: 3/3
   227 | D:5      | Noticed a centaur
   233 | D:5      | Killed a centaur
   234 | D:5      | Reached skill level 8 in Stealth
   234 | D:5      | Reached XP level 4. HP: 25/31 MP: 4/4
   403 | D:5      | Noticed a scorpion
   406 | D:5      | Killed a scorpion
   407 | D:5      | Reached skill level 9 in Stealth
   407 | D:5      | Reached XP level 5. HP: 36/36 MP: 5/5
   434 | D:5      | Noticed a lemure
   434 | D:5      | Noticed a lemure
   435 | D:5      | Noticed Pikel
   436 | D:5      | Noticed a lemure
   436 | D:5      | Noticed a lemure
   483 | D:6      | Noticed a centaur
   488 | D:6      | Killed a centaur
   489 | D:6      | Reached skill level 10 in Stealth
   489 | D:6      | Reached XP level 6. HP: 42/42 MP: 6/6
   576 | D:6      | Noticed a water moccasin
   584 | D:6      | Killed a water moccasin
   585 | D:6      | Reached skill level 11 in Stealth
   630 | D:6      | Found a shimmering blue altar of Sif Muna.
   630 | D:6      | Noticed a black bear
   637 | D:6      | Killed a black bear
   638 | D:6      | Reached XP level 7. HP: 28/46 MP: 7/7
   807 | D:6      | Killed from afar by an orc wizard

Illustrated notes

Levels and vault maps discovered:
D:5:      layout_loops_corners, grunt_nemelex_the_gamble, minitemple,
          uniq_crazy_yiuf_cottage, uniq_pikel
D:6:      layout_basic, mainiacjoe_overflow_alcove_4,
          mainiacjoe_overflow_surrounded_room

Skill      XL: |  1  2  3  4  5  6 |
---------------+-------------------+-----
Stealth        | 8 9 10 11 | 11.8
Fighting       | |  3.3
Short Blades   | |  2.4
Dodging        | |  2.4

Action                     |  1- 3 |  4- 6 |  7- 9 || total
---------------------------+-------+-------+-------++-------
  Melee: Short sword       |     6 |    14 |     8 ||    28
         Tentacles         |     2 |     5 |     1 ||     8
         Constrict         |       |     1 |       ||     1
   Stab: Sleeping          |     1 |     4 |     3 ||     8
 Armour: Skin              |       |     2 |       ||     2
  Dodge: Dodged            |     3 |     4 |     3 ||    10
